 Dungeon Crawl Stone Soup version 0.19.1 (webtiles) character file.

104 Milesaru the Sneak (level 4, 0/34 HPs)
             Began as a Vampire Assassin on Nov 29, 2016.
             Slain by an orc
             ... wielding a +0 dagger
              (5 damage)
             ... on level 3 of the Dungeon.
             The game lasted 00:05:04 (1568 turns).

Milesaru the Sneak (Vampire Assassin)               Turns: 1568, Time: 00:05:04

Health: 0/34       AC:  0    Str: 10    XL:     4   Next: 52%
Magic:  2/4        EV: 20    Int: 13    God:
Gold:   143        SH:  0    Dex: 21    Spells: 0 memorised, 3 levels left

rFire  . . .     SeeInvis +     (weapon currently unavailable)
rCold  + . .     Gourm    .     (armour currently unavailable)
rNeg   + + .     Faith    .     (shield currently unavailable)
rPois  +         Spirit   .     (helmet currently unavailable)
rElec  .         Reflect  .     (cloak currently unavailable)
rCorr  .         Harm     .     (gloves currently unavailable)
MR     .....                    (boots currently unavailable)
Stlth  ++++++....               (no amulet)
                                (ring currently unavailable)
                                (ring currently unavailable)

@: bat-form, flying, regenerating slowly, very quick
A: fangs 3, see invisible, (unbreathing)
a: End Transformation


You were on level 3 of the Dungeon.
You were very thirsty.
You were in vampire-bat-form.
You visited 1 branch of the dungeon, and saw 3 of its levels.

You collected 143 gold pieces.

Inventory:

Hand Weapons
 a - a +2 dagger (melded)
 b - a +0 blowgun
Missiles
 e - 8 poisoned needles
 f - 2 curare-tipped needles
Armour
 c - a +0 robe (melded)
 d - a +0 cloak (melded)
Jewellery
 q - a +5 ring of intelligence (melded)
Scrolls
 j - a scroll of magic mapping {unknown}
 k - 3 scrolls of remove curse {unknown}
 l - a scroll of amnesia {unknown}
 m - 2 scrolls of random uselessness {unknown}
 n - 5 scrolls of identify {unknown}
 o - a scroll of fog {unknown}
 r - a scroll of teleportation {unknown}
Potions
 g - 16 potions of blood
 h - a potion of magic {unknown}
 i - a potion of might {unknown}
 p - 2 potions of lignification {unknown}
 s - 2 potions of degeneration {unknown}
 t - 2 potions of haste {unknown}


   Skills:
 + Level 2.4 Fighting
 * Level 3.7 Short Blades
 - Level 1.5 Throwing
 + Level 2.2 Dodging
 + Level 6.6 Stealth


You had 3 spell levels left.
You didn't know any spells.

Dungeon Overview and Level Annotations

Branches:
Dungeon (3/15)

Altars:
Nemelex Xobeh


Innate Abilities, Weirdness & Mutations

You heal slowly.
You have razor-sharp teeth.
You have supernaturally acute eyesight. (SInv)
((You can survive without breathing.))


Message History

You are too injured to fight recklessly!
You hit the orc but do no damage. You bite the orc, but do no damage.
You hit the orc.
The orc is lightly wounded.
The orc misses you.
You completely miss the orc. You bite the orc, but do no damage.
The orc is lightly wounded.
The orc barely misses you.
You hit the orc but do no damage.
The orc is lightly wounded.
You hit the orc but do no damage. You bite the orc, but do no damage.
The orc is lightly wounded.
The orc hits you with a dagger.
* * * LOW HITPOINT WARNING * * *
You turn into a vampire bat.
Your +2 dagger melds into your body.
Your +0 cloak melds into your body.
Your +0 robe melds into your body.
Your +5 ring of intelligence melds into your body.
You feel stupid. The kobold misses you. The orc hits you with a dagger.
You die...

.....$#........# ########.#
......###......####.....##.#
..........................>#
..........ooo.....#.###.####
.#####......#.......#...# .#
#......#.......#.### .#
#......#..K.o....# #
#.##########K###### #.#
#bo.<.[.# #.# #.......# #.#
#..%....# #.......#
#.......# #.......#
#########


You could see 2 orcs and a kobold.

Vanquished Creatures
  Ijyb (D:3)
  2 adders
  An ooze (D:2)
  2 leopard geckos (D:1)
  2 orcs (D:3)
  11 bats
  3 giant cockroaches
  3 goblins
  A hobgoblin (D:2)
  6 jackals
  9 kobolds
  2 frilled lizards (D:2)
  7 rats
50 creatures vanquished.

Notes
Turn   | Place    | Note
-------+----------+-------------------------------------------
     0 | D:1      | Milesaru the Vampire Assassin began the quest for the Orb.
     0 | D:1      | Reached XP level 1. HP: 16/16 MP: 1/1
    78 | D:1      | Reached XP level 2. HP: 12/22 MP: 2/2
   110 | D:1      | Reached skill level 6 in Stealth
   750 | D:2      | Reached XP level 3. HP: 27/27 MP: 3/3
  1009 | D:2      | Found a sparkling altar of Nemelex Xobeh.
  1392 | D:3      | Reached XP level 4. HP: 34/34 MP: 4/4
  1443 | D:3      | Noticed Ijyb
  1496 | D:3      | Killed Ijyb
  1568 | D:3      | Slain by an orc

Skill      XL: |  1  2  3 |
---------------+----------+-----
Fighting       | 2 |  2.4
Stealth        | 6 |  6.6
Short Blades   | 3 |  3.7
Dodging        | 2 |  2.2
Throwing       | |  1.5

Action                   |  1- 3 |  4- 6 || total
-------------------------+-------+-------++-------
Melee: Dagger            |    98 |    67 ||   165
       Bite              |     6 |    10 ||    16
 Abil: Bat Form          |       |     1 ||     1
 Stab: Sleeping          |    13 |       ||    13
       Distracted        |     2 |       ||     2
Armor: Robe              |    24 |     6 ||    30
Dodge: Dodged            |    70 |    40 ||   110
